 Dungeon Crawl Stone Soup version 0.27-a0-1281-ge233d83751 (webtiles) character file.

Game seed: 15012560181881793360

268 sanka the Skirmisher (level 6, -3/48 HPs)
             Began as a Djinni Artificer on June 13, 2021.
             Was an Initiate of Makhleb.
             Slain by a wraith (11 damage)
             ... in an ossuary.
             The game lasted 00:08:02 (6289 turns).

sanka the Skirmisher (Djinni Artificer)             Turns: 6289, Time: 00:08:03

Health: -3/48      AC:  4    Str: 14    XL:     6   Next: 45%
Gold:   211        EV: 13    Int: 15    God:    Makhleb [......] SH:  0 Dex: 13

rFire    + + .     SeeInvis .   E - +4 quarterstaff (chaos)
rCold    x . .     Faith    .   (shield currently unavailable)
rNeg     . . .     Spirit   .   b - +0 leather armour
rPois    ∞         Reflect  .   (no helmet)
rElec    .         Harm     .   q - +0 cloak
rCorr    .         Rampage  .   (no gloves)
Will     .....                  (boots unavailable)
Stlth    +.........             G - amulet of Hutz {RegenMP Str+3}
HPRegen  0.16/turn              (no ring)
MPRegen  0.00/turn              (no ring)

@: flying, slowed, very slow
A: sickness immunity, fire resistance 2, cold vulnerability 1, float, innate
caster, hp casting, extra vitality 1
a: Renounce Religion


You were in an ossuary.
You worshipped Makhleb.
Makhleb was noncommittal.
You visited 2 branches of the dungeon, and saw 6 of its levels.
You also visited: Ossuary.

You collected 211 gold pieces.


Innate Abilities, Weirdness & Mutations

You are immune to sickness and miasma.
You are immune to poison.
Your flesh is very heat resistant. (rF++)
You are vulnerable to cold. (rC-)
You float through the air rather than walking.
You learn spells naturally, not from books.
Your magical power is your life essence.
You have superior vitality. (+4 HP)


   Skills:
 - Level 4.6 Fighting
 - Level 1.0 Armour
 - Level 4.4 Dodging
 - Level 0.7 Stealth
 + Level 0.4 Spellcasting
 - Level 3.0 Evocations


You had 2 spell levels left.
You knew the following spells:

 Your Spells              Type           Power      Damage    Failure   Level
z - Slow                  Hex            1%         N/A       36%         2
Z - Corona                Hex            1%         N/A       26%         1
Your spell library was empty.

Inventory:

Hand Weapons
 a - a +0 club
 g - a +0 hand axe
 s - a +2 dagger of speed
 t - a +0 flail
 E - a +4 quarterstaff of chaos (weapon)
Missiles
 p - 3 boomerangs
 A - 26 poisoned darts
Armour
 b - a +0 leather armour (worn)
 q - a +0 cloak (worn)
Magical Staves
 m - a staff of air
Jewellery
 G - the amulet of Hutz (around neck) {RegenMP Str+3}

   [amulet of magic regeneration]

   It increases your rate of magic regeneration.
   It affects your strength (+3).
Wands
 c - a wand of flame (3) (quivered)
 d - a wand of charming (8)
 C - a wand of mindburst (13)
Scrolls
 j - a scroll of enchant weapon {unknown}
 l - a scroll of fog {unknown}
 n - 4 scrolls of identify {unknown}
 u - a scroll of noise {unknown}
 w - a scroll of silence {unknown}
 x - a scroll of vulnerability {unknown}
 y - 2 scrolls of acquirement {unknown}
 z - a scroll of amnesia {unknown}
 F - a scroll of teleportation {unknown}
 H - a scroll of fear {unknown}
Potions
 f - a potion of degeneration {unknown}
 h - 2 potions of heal wounds {unknown}
 i - 2 potions of might {unknown}
 k - a potion of resistance {unknown}
 o - 4 potions of curing {unknown}
 r - a potion of brilliance {unknown}
 v - 2 potions of haste {unknown}
 B - a potion of ambrosia {unknown}
 D - a potion of cancellation {unknown}
Miscellaneous
 e - a piece from Xom's chessboard (15/15)

Dungeon Overview and Level Annotations

Branches:
Dungeon (5/15)             Temple (1/1) D:4         Ossuary (1/1)

Altars:
Dithmenos
Elyvilon
Hepliaklqana
Kikubaaqudgha
Makhleb
Qazlal
Vehumet
Xom
Yredelemnul
The Shining One

......▒^▒............^▒
....^.................▒
.▒▒▒▒...^.▒▒▒▒..▒▒▒▒..▒
.▒ +...8...'.▒...+ ▒..▒
.▒▒▒▒.....▒▒▒▒..▒▒▒▒..▒
..^...................▒
......▒.▒.............▒
......▒+▒.......▒▒▒▒..▒
..8...▒ ▒...8...RW!▒..▒
......▒▒▒.......▒▒▒▒..▒
....................^.▒
.▒.▒..▒.▒..▒.▒........▒
.▒+▒..▒+▒.^▒+▒.^▒▒▒▒..▒
.▒ ▒..▒ ▒..▒ ▒...'.▒..▒
.▒▒▒..▒▒▒..▒▒▒..▒▒▒▒..▒
.....^................▒
......................▒


You could see a wraith.


Message History

You feel yourself slow down.
You hit the wraith but do no damage. The wraith completely misses you.
The wraith hits you!
Unknown command.
You hit the wraith.
Space bends around the wraith.
The wraith is moderately damaged.
The wraith hits you.
* * * LOW HITPOINT WARNING * * *
The wraith hits you.
* * * LOW HITPOINT WARNING * * *
The wraith drains your vigour!
You feel as though you will be slow longer.
You hit the wraith but do no damage.
The wraith is moderately damaged.
The wraith hits you!
* * * LOW HITPOINT WARNING * * *
The wraith barely misses you.
You hit the wraith but do no damage.
The wraith is moderately damaged.
The wraith closely misses you.
You hit the wraith.
The wraith is moderately damaged.
The wraith hits you.
* * * LOW HITPOINT WARNING * * *
The wraith drains your vigour!
You feel as though you will be slow longer.
The wraith hits you!
You die...

Action                   |  1- 3 |  4- 6 || total
-------------------------+-------+-------++-------
Melee: Hand axe          |    88 |       ||    88
       Club              |     4 |       ||     4
       Dagger            |       |   121 ||   121
       Quarterstaff      |       |    49 ||    49
Evoke: Wand              |     6 |    14 ||    20
       Piece from Xom's  |     1 |       ||     1
 Stab: Sleeping          |     4 |     1 ||     5
Armor: Leather armour    |    22 |    29 ||    51
Dodge: Dodged            |    63 |    88 ||   151

Levels and vault maps discovered:
D:1:      lightli_arrival_chessboard, layout_basic,
          ebering_ecumenical_altar_abandoned, minmay_misc_feat_five
D:2:      layout_loops_ring, hangedman_decor_push, dk_vineyard_2, minmay_cupped,
          uniq_natasha
D:3:      layout_basic
D:4:      layout_loops_ring, minmay_temple_entry_arrows,
          kennysheep_generic_room_16, uniq_crazy_yiuf_cottage
D:5:      layout_loops_corners, lightli_ossuary_entry_decrepit_ruins,
          minmay_circle_x
Temple:   roderic_octagonal_lattice_temple
Ossuary:  ossuary_kennysheep_city_of_the_dead

Notes
Turn   | Place    | Note
-------+----------+-------------------------------------------
     0 | D:1      | sanka the Djinni Artificer began the quest for the Orb.
     0 | D:1      | Reached XP level 1. HP: 17/17 MP: 0/0
   141 | D:1      | Reached XP level 2. HP: 19/23 MP: 0/0
   273 | D:1      | Reached skill level 2 in Fighting
   475 | D:1      | Reached XP level 3. HP: 29/29 MP: 0/0
   475 | D:1      | Learned a level 1 spell: Corona
   712 | D:1      | Reached skill level 3 in Fighting
   854 | D:1      | Found a faded altar of an unknown god.
  1976 | D:2      | HP: 1/30 [gnoll (8)]
  1985 | D:2      | Reached XP level 4. HP: 3/35 MP: 0/0
  2296 | D:2      | Noticed Natasha
  2311 | D:2      | Killed Natasha
  2312 | D:2      | Reached skill level 3 in Dodging
  2337 | D:2      | Noticed Natasha
  2340 | D:2      | Killed Natasha
  2341 | D:2      | Reached XP level 5. HP: 29/41 MP: 0/0
  2341 | D:2      | Learned a level 2 spell: Slow
  3384 | D:3      | Reached skill level 4 in Fighting
  4091 | D:2      | Noticed Natasha
  4098 | D:2      | Killed Natasha
  4835 | D:4      | Found a staircase to the Ecumenical Temple.
  4845 | Temple   | Entered the Ecumenical Temple
  4976 | Temple   | Became a worshipper of Makhleb the Destroyer
  5226 | D:4      | Reached skill level 4 in Dodging
  5226 | D:4      | Reached XP level 6. HP: 39/48 MP: 0/0
  5297 | D:4      | Found a runed translucent door.
  5298 | D:4      | Noticed Crazy Yiuf
  5822 | D:4      | Killed Crazy Yiuf
  5853 | D:5      | Entered Level 5 of the Dungeon
  5993 | D:5      | Found a sand-covered staircase.
  6002 | Ossuary  | Entered an ossuary
  6002 | Ossuary  | Noticed a wraith
  6002 | Ossuary  | Noticed a wraith
  6002 | Ossuary  | Noticed a wraith
  6200 | Ossuary  | Identified the amulet of Hutz {RegenMP Str+3}
  6283 | Ossuary  | Noticed a wraith
  6289 | Ossuary  | Slain by a wraith

Vanquished Creatures
  Crazy Yiuf (D:4)
  A hound (D:4)
  Natasha (thrice) (D:2)
  A hound skeleton (D:5)
  A mummy (Ossuary)
  An adder (D:3)
  An adder skeleton (D:4)
  A dart slug (D:2)
  9 orcs
  9 endoplasms
  2 giant cockroaches
  8 goblins
  5 hobgoblins
  9 jackals
  3 quokkas
  3 ball pythons
  5 bats
  A frilled lizard (D:1)
  3 goblin zombies (Ossuary)
  3 hobgoblin zombies (Ossuary)
  3 kobolds
  6 kobold zombies (Ossuary)
  An orc zombie (Ossuary)
  5 rats
85 creatures vanquished.

Vanquished Creatures (collateral kills)
  A gnoll (D:2)
1 creature vanquished.

Vanquished Creatures (others)
  3 gnolls (D:2)
3 creatures vanquished.

Grand Total: 89 creatures vanquished
